 Dungeon Crawl Stone Soup version 0.21-a0-13-g3fd62ac (webtiles) character file.

266 potatolord6000 the Skirmisher (level 6, -9/56 HPs)
             Began as a Hill Orc Fighter on May 22, 2017.
             Mangled by an ogre
             ... wielding a +0 giant spiked club
              (17 damage)
             ... on level 4 of the Dungeon on May 23, 2017.
             The game lasted 00:10:18 (2067 turns).

potatolord6000 the Skirmisher (Hill Orc Fighter)    Turns: 2067, Time: 00:10:18

Health: -9/56      AC:  7    Str: 26    XL:     6   Next: 20%
Magic:  6/6        EV:  8    Int: 12    God:
Gold:   115        SH: 10    Dex: 10    Spells: 5/5 levels left

rFire    . . .     SeeInvis .   a - +0 war axe
rCold    . . .     Gourm    .   c - +0 shield
rNeg     . . .     Faith    .   b - +0 scale mail
rPois    .         Spirit   .   (no helmet)
rElec    .         Reflect  .   (no cloak)
rCorr    .         Harm     .   (no gloves)
MR       .....                  (no boots)
Stlth    ..........             (no amulet)
Regen    0.2/turn               (no ring)
MPRegen  0.1/turn               g - +4 ring of intelligence

@: mighty
A: claws 1, wild magic 1
a: no special abilities


You were on level 4 of the Dungeon.
You were full.

You visited 1 branch of the dungeon, and saw 4 of its levels.

You collected 115 gold pieces.

Inventory:

Hand Weapons
 a - a +0 war axe (weapon)
Armour
 b - a +0 scale mail (worn)
 c - a +0 shield (worn)
Jewellery
 g - a +4 ring of intelligence (right claw)
Scrolls
 e - 2 scrolls of identify {unknown}
 i - a scroll of remove curse {unknown}
 j - 3 scrolls of teleportation {unknown}
 k - a scroll of noise {unknown}
 n - a scroll of immolation {unknown}
Potions
 o - a potion of haste
Comestibles
 m - a meat ration


   Skills:
 + Level 5.0 Fighting
 + Level 4.7 Axes
 + Level 4.5 Armour
 - Level 0.4 Dodging
 + Level 4.6 Shields


You had 5 spell levels left.
You didn't know any spells.

Dungeon Overview and Level Annotations

Branches:
Dungeon (4/15)
 Temple: D:4-7

Altars:


Innate Abilities, Weirdness & Mutations

You have sharp fingernails.
Your spells are a little harder to cast, but a little more powerful.


Message History

You feel sick.
You are no longer poisoned.
You start resting.
An ogre comes into view. It is wielding a giant spiked club.
The ogre shouts!
You barely miss the ogre.
The ogre hits you with a giant spiked club!!
You slash the ogre!
The ogre is heavily wounded.
The ogre hits you with a giant spiked club!
You completely miss the ogre.
The ogre is heavily wounded.
The ogre closely misses you.
You slash the ogre!
The ogre is almost dead.
The ogre hits you with a giant spiked club!
* * * LOW HITPOINT WARNING * * *
You feel very mighty all of a sudden.
The ogre hits you with a giant spiked club!
You die...

........##.#
####.##.......#
.....#).......#
#..#........#
###........#..#
...........#..#
###.##........###
#.##....†..........##
#...O@.##..##.#.....##
####.##......=#.......
#.#.....####.....##
#.......# ##...##
###...#........##
#...########.# #...#
#.#### #..##. ##.##.


You could see an ogre.

Vanquished Creatures
  A scorpion (D:4)
  A bullfrog skeleton (D:4)
  An iguana (D:4)
  2 worker ants (D:4)
  Robin (D:2)
  3 adders
  An ooze (D:1)
  A dart slug (D:1)
  2 leopard geckos
  An orc (D:3)
  A ball python (D:1)
  5 bats
  3 giant cockroaches (D:2)
  16 goblins
  6 hobgoblins
  4 jackals
  6 kobolds
  5 frilled lizards
  A leopard gecko skeleton (D:4)
  8 rats
69 creatures vanquished.

Notes
Turn   | Place    | Note
-------+----------+-------------------------------------------
     0 | D:1      | potatolord6000 the Hill Orc Fighter began the quest for the Orb.
     0 | D:1      | Reached XP level 1. HP: 19/19 MP: 1/1
   170 | D:1      | Reached XP level 2. HP: 17/27 MP: 2/2
   583 | D:1      | Reached XP level 3. HP: 30/33 MP: 3/3
   684 | D:2      | Reached skill level 4 in Fighting
   869 | D:2      | Noticed Robin
   875 | D:2      | Reached XP level 4. HP: 25/40 MP: 4/4
   879 | D:2      | Killed Robin
  1228 | D:2      | Upgraded the game from 0.20-b1-2-gc5a9893 to 0.21-a0-13-g3fd62ac
  1626 | D:4      | Reached XP level 5. HP: 41/47 MP: 5/5
  1892 | D:4      | Gained mutation: Your spells are a little harder to cast, but a little more powerful. [potion of mutation]
  1892 | D:4      | Gained mutation: You have sharp fingernails. [potion of mutation]
  1924 | D:4      | Reached skill level 5 in Fighting
  1924 | D:4      | Reached XP level 6. HP: 52/56 MP: 6/6
  2067 | D:4      | Mangled by an ogre

Vault maps used:
D:1:      dpeg_arrival_water_temple_mockup
D:2:      mumra_celtic_spiral_tile, minmay_mini_jars, uniq_terence, uniq_robin
D:3:      nicolae_underground_beach, uniq_natasha, uniq_grinder, uniq_purgy
D:4:      first_bread, serial_park_tiny_1, minmay_cut_off, uniq_blork_the_orc,
          uniq_eustachio

Skill      XL: |  1  2  3  4  5 |
---------------+----------------+-----
Axes           | 3 4 |  4.7
Fighting       | 4 5 |  5.0
Shields        | 4 |  4.6
Armour         | 4 |  4.5
Dodging        | |  0.4

Action                   |  1- 3 |  4- 6 || total
-------------------------+-------+-------++-------
Melee: War axe           |    75 |   125 ||   200
  Use: Potion            |     1 |     5 ||     6
  Eat: Royal jelly       |       |     2 ||     2
       Bread ration      |       |     1 ||     1
Armor: Scale mail        |    57 |    54 ||   111
Dodge: Dodged            |    51 |    50 ||   101
Block: Shield            |    68 |    74 ||   142
